 Dungeon Crawl Stone Soup version 0.31.0-11-ge490571c62 (webtiles) character file.

Game seed: 3218237064540295351

224 DocClef the Shield-Bearer (level 6, 0/53 HPs)
             Began as a Gnoll Fighter on Jan 29, 2024.
             Slain by an orc wizard
             ... wielding a +0 dagger
              (2 damage)
             ... on level 4 of the Dungeon.
             The game lasted 00:02:57 (3216 turns).

DocClef the Shield-Bearer (Gnoll Fighter)           Turns: 3216, Time: 00:02:58

Health: 0/53       AC: 10    Str: 17    XL:     6   Next: 0%
Magic:  8/8        EV:  9    Int:  8    God:
Gold:   207        SH:  5    Dex: 11    Spells: 8/8 levels left

rFire   . . .        a - +0 flail
rCold   . . .        c - +0 buckler
rNeg    + . .        b - +0 scale mail
rPois   .            (no helmet)
rElec   .            d - +0 cloak
rCorr   .            (no gloves)
SInv    .            n - +0 pair of boots
Will    .....        (no amulet) Stlth
                     h - ring of positive energy
HPRegen 0.28/turn    (no ring)
MPRegen 0.11/turn

%: no passive effects
@: no status effects
A: fangs 1, strong nose, distributed training
a: no special abilities


You were on level 4 of the Dungeon.
You visited 1 branch of the dungeon, and saw 4 of its levels.

You collected 207 gold pieces.

Inventory:

Hand Weapons
 a - a +0 flail (weapon)
Armour
 b - a +0 scale mail (worn)
 c - a +0 buckler (worn)
 d - a +0 cloak (worn)
 j - a +1 leather armour of fire resistance
 n - a +0 pair of boots (worn)
Jewellery
 h - a ring of positive energy (left hand)
Wands
 s - a wand of mindburst (12)
Scrolls
 e - a scroll of immolation {unknown}
 f - a scroll of vulnerability {unknown}
 m - 2 scrolls of identify {unknown}
 p - 2 scrolls of amnesia {unknown}
 q - a scroll of blinking {unknown}
 t - a scroll of teleportation {unknown}
 u - a scroll of noise {unknown}
Potions
 g - 3 potions of curing
 i - a potion of berserk rage {unknown}
 k - 2 potions of heal wounds {unknown}
 l - a potion of attraction {unknown}
 o - a potion of mutation {unknown}
 r - a potion of ambrosia {unknown}


   Skills:
 + Level 6.8 Fighting
 + Level 1.8 Short Blades
 + Level 1.8 Long Blades
 + Level 1.8 Axes
 + Level 4.9 Maces & Flails
 + Level 1.8 Polearms
 + Level 1.8 Staves
 + Level 1.8 Ranged Weapons
 + Level 1.8 Throwing
 + Level 6.8 Armour
 + Level 1.8 Dodging
 + Level 1.8 Stealth
 + Level 6.8 Shields
 + Level 1.8 Unarmed Combat
 + Level 1.8 Spellcasting
 + Level 1.4 Conjurations
 + Level 1.4 Hexes
 + Level 1.4 Summonings
 + Level 1.4 Necromancy
 + Level 1.4 Translocations
 + Level 1.4 Fire Magic
 + Level 1.4 Ice Magic
 + Level 1.4 Air Magic
 + Level 1.4 Earth Magic
 + Level 1.4 Alchemy
 + Level 2.0 Invocations
 + Level 1.8 Evocations
 + Level 1.6 Shapeshifting


You had 8 spell levels left.
You didn't know any spells.
Your spell library was empty.

Dungeon Overview and Level Annotations

Branches:
Dungeon (4/15)
 Temple: D:4-7

Altars:
Fedhas
Wu Jian

Shops:
D:1 *

Annotations:
D:3 2 transporters, turdburglar's ghost, amateur DrSh


Innate Abilities, Weirdness & Mutations

You have very sharp teeth.
Your uncanny sense of smell can sniff out nearby items.
Your experience applies equally to all skills.


Message History

* * * LOW HITPOINT WARNING * * *
There is an open door here.
You shake off the liquid fire.
You close the door.
You start resting.
Something unseen opens the door.
You sock the bombardier beetle!
You kill the bombardier beetle!
Your Invocations skill increases to level 2!
You have reached level 6!
Unknown command.
Unknown command.
You closely miss something. You bite something.
Something hits you but does no damage.
You hit the orc.
The orc is heavily wounded.
You block the orc's attack. Something hits you.
* * * LOW HITPOINT WARNING * * *
Unknown command.
Unknown command.
You miss something. The orc hits you but does no damage.
You hear some strange, mumbled words.
A magic dart appears from out of thin air!
The magic dart hits you but does no damage.
Unknown command.
You hit the orc but do no damage. You bite the orc, but do no damage.
The orc is moderately wounded.
The orc completely misses you. Something hits you but does no damage.
Unknown command.
You closely miss the orc.
The orc is moderately wounded.
The orc hits you with a +0 dagger.
* * * LOW HITPOINT WARNING * * *
Something hits you but does no damage. The orc hits you but does no damage.
Unknown command.
You hit the orc. You bite the orc, but do no damage.
The orc is almost dead.
Something hits you but does no damage. The orc barely misses you.
Something hits you.
You die...

o.......# ........#
........# #.......
........# #......
..o.....# #.....
........####....#
#....o#..#....#
#.#..#....# #B#@{#....#
#.#o##....####
#......#'###.###
#......+...#...# ∆
#......#...'...#
#......######'### #
..#######.###....#..#
...#........'........#
....#........#........#


You could see an orc.

Vanquished Creatures
  2 bombardier beetles (D:4)
  An orc priest (D:4)
  3 gnolls (D:2)
  2 adders (D:2)
  A dart slug (D:1)
  3 ribbon worms
  4 orcs
  5 bats
  7 endoplasms
  2 giant cockroaches (D:3)
  6 goblins
  3 hobgoblins
  6 jackals
  3 kobolds (D:2)
  2 quokkas
  12 ball pythons
  A frilled lizard (D:1)
  9 rats
72 creatures vanquished.

Notes
Turn   | Place    | Note
-------+----------+-------------------------------------------
     0 | D:1      | DocClef the Gnoll Fighter began the quest for the Orb.
     0 | D:1      | Reached XP level 1. HP: 23/23 MP: 1/1
   366 | D:1      | Reached XP level 2. HP: 29/29 MP: 2/2
   366 | D:1      | Found Pufor's General Store.
   715 | D:2      | Reached XP level 3. HP: 34/35 MP: 3/3
   772 | D:2      | Found a faded altar of an unknown god.
   929 | D:2      | Reached skill level 1 in Invocations
  1259 | D:2      | Reached skill level 1 in Short Blades
  1259 | D:2      | Reached skill level 1 in Long Blades
  1259 | D:2      | Reached skill level 1 in Axes
  1259 | D:2      | Reached skill level 1 in Polearms
  1259 | D:2      | Reached skill level 1 in Staves
  1259 | D:2      | Reached skill level 1 in Ranged Weapons
  1259 | D:2      | Reached skill level 1 in Throwing
  1259 | D:2      | Reached skill level 1 in Dodging
  1259 | D:2      | Reached skill level 1 in Stealth
  1259 | D:2      | Reached skill level 1 in Unarmed Combat
  1259 | D:2      | Reached skill level 1 in Spellcasting
  1259 | D:2      | Reached skill level 1 in Evocations
  1432 | D:2      | Reached skill level 1 in Shapeshifting
  1432 | D:2      | Reached XP level 4. HP: 10/41 MP: 5/5
  1438 | D:2      | Reached skill level 1 in Conjurations
  1438 | D:2      | Reached skill level 1 in Hexes
  1438 | D:2      | Reached skill level 1 in Summonings
  1438 | D:2      | Reached skill level 1 in Necromancy
  1438 | D:2      | Reached skill level 1 in Translocations
  1438 | D:2      | Reached skill level 1 in Fire Magic
  1438 | D:2      | Reached skill level 1 in Ice Magic
  1438 | D:2      | Reached skill level 1 in Air Magic
  1438 | D:2      | Reached skill level 1 in Earth Magic
  1438 | D:2      | Reached skill level 1 in Alchemy
  2361 | D:3      | Found a transporter.
  2511 | D:3      | Found a blossoming altar of Fedhas.
  2511 | D:3      | Found an ornate altar of the Wu Jian Council.
  2626 | D:3      | Noticed turdburglar's ghost (amateur DrSh)
  2626 | D:3      | Identified the +7 great mace of the Valley of Death {holy,
                  | Int+4}
  2626 | D:3      | Noticed an ogre
  2634 | D:3      | Found a transporter.
  2856 | D:4      | Reached XP level 5. HP: 45/47 MP: 7/7
  3204 | D:4      | HP: 1/47 [burnt (4)]
  3211 | D:4      | Reached XP level 6. HP: 3/53 MP: 8/8
  3212 | D:4      | HP: 1/53 [something (3)]
  3216 | D:4      | Slain by an orc wizard

Illustrated notes

Levels and vault maps discovered:
D:1:      reono_arrival_forest_river, layout_loops_ring, serial_shops, shop
D:2:      layout_basic, nicolae_ecumenical_snake_handling
D:3:      layout_basic, mainiacjoe_overflow_divided_tiny, gammafunk_ghost_smash,
          wad_floor_pattern_1
D:4:      minmay_skewed_foursquare, layout_gridville,
          cheibrodos_ashenzari_chains, ebering_ghost_reflecting_pool,
          serial_shops, nicolae_shop_stone, uniq_blork_the_orc

Skill      XL: |  1  2  3  4  5 |
---------------+----------------+-----
Invocations    | 1 2 |  2.0
Short Blades   | 1 |  1.8
Long Blades    | 1 |  1.8
Axes           | 1 |  1.8
Polearms       | 1 |  1.8
Staves         | 1 |  1.8
Ranged Weapons | 1 |  1.8
Throwing       | 1 |  1.8
Dodging        | 1 |  1.8
Stealth        | 1 |  1.8
Unarmed Combat | 1 |  1.8
Spellcasting   | 1 |  1.8
Evocations     | 1 |  1.8
Shapeshifting  | 1 |  1.6
Conjurations   | 1 |  1.4
Hexes          | 1 |  1.4
Summonings     | 1 |  1.4
Necromancy     | 1 |  1.4
Translocations | 1 |  1.4
Fire Magic     | 1 |  1.4
Ice Magic      | 1 |  1.4
Air Magic      | 1 |  1.4
Earth Magic    | 1 |  1.4
Alchemy        | 1 |  1.4
Fighting       | |  6.8
Maces & Flails | |  4.9
Armour         | |  6.8
Shields        | |  6.8

Action                     |  1- 3 |  4- 6 || total
---------------------------+-------+-------++-------
  Melee: Flail             |    95 |   124 ||   219
         Bite              |     9 |    18 ||    27
    Use: Potion            |     1 |     1 ||     2
 Armour: Scale mail        |    62 |    68 ||   130
  Dodge: Dodged            |    36 |    45 ||    81
  Block: Buckler           |    28 |    31 ||    59
